 Dungeon Crawl Stone Soup version bcrawl-1.27.3 (webtiles) character file.

Game seed: 2141027718660432991

342600 pasperui the Ducker (level 6, -1/53 HPs)
             Began as a Gnoll Reaver on Oct 20, 2020.
             Was a Believer of Vehumet.
             Slain by an iguana (4 damage)
             ... on level 4 of the Dungeon.
             The game lasted 00:06:32 (1328 turns).

pasperui the Ducker (Gnoll Reaver)                  Turns: 1328, Time: 00:06:32

Health: -1/53      AC:  5    Str: 15    XL:     6   Next: 82%
Magic:  4/14       EV: 16    Int: 16    God:    Vehumet [**....]
Gold:   146        SH:  2    Dex: 14    Spells: 14/15 levels left

rFire    . . .     SeeInvis .   a - +0 long sword
rCold    . . .     Gourm    .   (no shield)
rNeg     . . .     Faith    .   b - +0 steam dragon scales
rPois    .         Spirit   .   (no helmet)
rElec    .         Reflect  .   (no cloak)
rCorr    +         Harm     .   (no gloves)
MR       .....                  (no boots)
Stlth    ++++......             (no amulet)
HPRegen  0.17/turn              p - ring of stealth
MPRegen  0.14/turn              r - ring of resist corrosion

@: no status effects
A: distributed training, fangs 1, strong nose
a: Renounce Religion


You were on level 4 of the Dungeon.
You worshipped Vehumet.
Vehumet was pleased with you.
You were not hungry.

You visited 1 branch of the dungeon, and saw 4 of its levels.

You collected 146 gold pieces.

Inventory:

Hand Weapons
 a - a +0 long sword (weapon)
 n - a +0 spear of flaming
Missiles
 f - 167 stones (quivered)
 g - 171 sling bullets
 m - 194 arrows
 q - 49 poisoned tomahawks
Armour
 b - +0 steam dragon scales (worn)
Jewellery
 p - a ring of stealth (left hand)
 r - a ring of resist corrosion (right hand)
Wands
 u - a wand of paralysis (12)
Scrolls
 d - 2 scrolls of immolation
 h - 3 scrolls of remove curse
 i - a scroll of teleportation {unknown}
 k - 2 scrolls of enchant armour {unknown}
 t - a scroll of magic mapping {unknown}
Potions
 c - a potion of haste
 l - 2 potions of agility {unknown}
 o - a potion of curing {unknown}
 s - a potion of invisibility {unknown}
Comestibles
 e - 6 rations {!d}
 j - a chunk of flesh


   Skills:
 + Level 6.9 Fighting
 + Level 2.1 Short Blades
 + Level 6.9 Long Blades
 + Level 2.1 Axes
 + Level 2.1 Maces & Flails
 + Level 2.1 Polearms
 + Level 2.1 Staves
 + Level 2.1 Slings
 + Level 2.1 Bows
 + Level 2.1 Crossbows
 + Level 2.1 Throwing
 + Level 2.1 Armour
 + Level 6.9 Dodging
 + Level 2.1 Stealth
 + Level 2.1 Shields
 + Level 2.1 Unarmed Combat
 + Level 5.4 Spellcasting
 + Level 1.6 Conjurations
 + Level 1.6 Hexes
 + Level 1.6 Charms
 + Level 1.6 Summonings
 + Level 1.6 Necromancy
 + Level 1.6 Translocations
 + Level 1.6 Transmutations
 + Level 1.6 Fire Magic
 + Level 1.6 Ice Magic
 + Level 1.6 Air Magic
 + Level 1.6 Earth Magic
 + Level 1.6 Poison Magic
 + Level 2.3 Invocations
 + Level 2.1 Evocations


You had 14 spell levels left.
You knew the following spells:

 Your Spells              Type           Power        Failure   Level  Hunger
a - Sandblast             Erth           #.....       2%          1    None

Your spell library contained the following spells:

 Spells                   Type           Power        Failure   Level  Hunger
 Iskenderun's Battlesphe  Conj/Chrm      #.......     45%         5    ######.


Dungeon Overview and Level Annotations

Branches:
Dungeon (4/12)
 Temple: D:4-7

Altars:
Kikubaaqudgha
Okawaru


Innate Abilities, Weirdness & Mutations

Your experience applies equally to all skills.
You have very sharp teeth.
Your uncanny sense of smell can sniff out nearby items.


Message History

* * * LOW HITPOINT WARNING * * *
Casting: Sandblast (safe; 2% risk of failure)
Confirm with . or Enter, or press ? or * to list all spells.
Aiming: Sandblast (safe; 2% risk of failure)
Press: ? - help, Shift-Dir - straight line, f/p - iguana
Aim: an iguana (severely wounded)
The blast of sand hits the iguana but does no damage.
The iguana is severely wounded.
f - 177 stones The iguana closely misses you.
Casting: Sandblast (safe; 2% risk of failure)
Confirm with . or Enter, or press ? or * to list all spells.
Aiming: Sandblast (safe; 2% risk of failure)
Press: ? - help, Shift-Dir - straight line, f/p - iguana
Aim: an iguana (severely wounded)
The blast of sand hits the iguana.
The iguana is severely wounded.
f - 167 stones The iguana bites you.
You die...

#.#####.# ####.#
#.########
###.##.#
#........#
.....#.#
#.######.#
.##.##.#####.#
#.#
.#...#.......#
#.#
..>....#######
#.# #....###
#...######.#
#.#.##
#.....l@...#
##..#
#...######## #.##
##.## +.# #.# ###
#.# #...## #l#
#.....####.######
#...l.>........#
#...##########.#


You could see an iguana.

Vanquished Creatures
  Sigmund (D:2)
  Menkaure (D:4)
  Jessica (D:2)
  An adder (D:2)
  4 worms
  2 dart slugs
  7 orcs
  6 bats
  A giant cockroach (D:1)
  5 goblins
  4 hobgoblins
  8 jackals
  A ball python (D:1)
  A frilled lizard (D:1)
  4 kobolds
  4 rats (D:1)
51 creatures vanquished.

Notes
Turn   | Place    | Note
-------+----------+-------------------------------------------
     0 | D:1      | pasperui the Gnoll Reaver began the quest for the Orb.
     0 | D:1      | Reached XP level 1. HP: 23/23 MP: 6/6
   153 | D:1      | Reached XP level 2. HP: 29/29 MP: 7/7
   294 | D:1      | Reached * piety under Vehumet
   294 | D:1      | Offered knowledge of Magic Dart by Vehumet.
   408 | D:2      | Reached skill level 5 in Spellcasting
   408 | D:2      | Reached XP level 3. HP: 22/35 MP: 7/9
   486 | D:2      | Reached skill level 1 in Invocations
   508 | D:2      | Found an iron altar of Okawaru.
   509 | D:2      | Noticed Jessica
   630 | D:2      | Killed Jessica
   630 | D:2      | Reached skill level 1 in Short Blades
   630 | D:2      | Reached skill level 1 in Axes
   630 | D:2      | Reached skill level 1 in Maces & Flails
   630 | D:2      | Reached skill level 1 in Polearms
   630 | D:2      | Reached skill level 1 in Staves
   630 | D:2      | Reached skill level 1 in Slings
   630 | D:2      | Reached skill level 1 in Bows
   630 | D:2      | Reached skill level 1 in Crossbows
   630 | D:2      | Reached skill level 1 in Throwing
   630 | D:2      | Reached skill level 1 in Armour
   630 | D:2      | Reached skill level 1 in Stealth
   630 | D:2      | Reached skill level 1 in Shields
   630 | D:2      | Reached skill level 1 in Unarmed Combat
   630 | D:2      | Reached skill level 1 in Evocations
   630 | D:2      | Reached XP level 4. HP: 40/41 MP: 11/11
   839 | D:2      | Noticed Sigmund
   865 | D:2      | Killed Sigmund
   865 | D:2      | Reached skill level 1 in Conjurations
   865 | D:2      | Reached skill level 1 in Hexes
   865 | D:2      | Reached skill level 1 in Charms
   865 | D:2      | Reached skill level 1 in Summonings
   865 | D:2      | Reached skill level 1 in Necromancy
   865 | D:2      | Reached skill level 1 in Translocations
   865 | D:2      | Reached skill level 1 in Transmutations
   865 | D:2      | Reached skill level 1 in Fire Magic
   865 | D:2      | Reached skill level 1 in Ice Magic
   865 | D:2      | Reached skill level 1 in Air Magic
   865 | D:2      | Reached skill level 1 in Earth Magic
   865 | D:2      | Reached skill level 1 in Poison Magic
   865 | D:2      | Reached XP level 5. HP: 27/47 MP: 12/12
   865 | D:2      | Reached XP level 6. HP: 30/53 MP: 13/13
  1075 | D:3      | Found an ancient bone altar of Kikubaaqudgha.
  1103 | D:3      | Reached ** piety under Vehumet
  1131 | D:3      | Offered knowledge of Sandblast by Vehumet.
  1134 | D:3      | Learned a level 1 spell: Sandblast
  1211 | D:4      | Noticed Menkaure
  1220 | D:4      | Killed Menkaure
  1328 | D:4      | Slain by an iguana

Skill      XL: |  1  2  3  4  5  6 |
---------------+-------------------+-----
Spellcasting   | 5 |  5.4
Invocations    | 1 2 |  2.3
Short Blades   | 1 2 |  2.1
Axes           | 1 2 |  2.1
Maces & Flails | 1 2 |  2.1
Polearms       | 1 2 |  2.1
Staves         | 1 2 |  2.1
Slings         | 1 2 |  2.1
Bows           | 1 2 |  2.1
Crossbows      | 1 2 |  2.1
Throwing       | 1 2 |  2.1
Armour         | 1 2 |  2.1
Stealth        | 1 2 |  2.1
Shields        | 1 2 |  2.1
Unarmed Combat | 1 2 |  2.1
Evocations     | 1 2 |  2.1
Conjurations   | 1 |  1.6
Hexes          | 1 |  1.6
Charms         | 1 |  1.6
Summonings     | 1 |  1.6
Necromancy     | 1 |  1.6
Translocations | 1 |  1.6
Transmutations | 1 |  1.6
Fire Magic     | 1 |  1.6
Ice Magic      | 1 |  1.6
Air Magic      | 1 |  1.6
Earth Magic    | 1 |  1.6
Poison Magic   | 1 |  1.6
Fighting       | |  6.9
Long Blades    | |  6.9
Dodging        | |  6.9

Action                   |  1- 3 |  4- 6 || total
-------------------------+-------+-------++-------
Melee: Long sword        |    74 |    80 ||   154
       Bite              |     3 |     3 ||     6
       Punch             |       |     1 ||     1
 Cast: Sandblast         |       |    14 ||    14
  Use: Scroll            |       |     2 ||     2
 Stab: Sleeping          |     2 |     5 ||     7
  Eat: Chunk             |     1 |     4 ||     5
Armor: Steam dragon scal |    14 |    21 ||    35
Dodge: Dodged            |    41 |    96 ||   137
Block: Other             |     3 |     7 ||    10
